 Dungeon Crawl Stone Soup version 0.24-a0-254-gf493760 (webtiles) character file.

Game seed: 1399229118409610876

1917 Dantiko the Basher (level 8, -10/75 HPs)
             Began as a Troll Berserker on Apr 18, 2019.
             Was a High Priest of Trog.
             Mangled by an orc warrior
             ... wielding a +0 glaive
              (28 damage)
             ... on level 6 of the Dungeon.
             The game lasted 00:15:43 (3994 turns).

Dantiko the Basher (Troll Berserker)                Turns: 3994, Time: 00:15:44

Health: -10/75     AC:  7    Str: 29    XL:     8   Next: 95%
Magic:  7/7        EV: 10    Int:  4    God:    Trog [*****.]
Gold:   409        SH:  0    Dex:  9    Spells: 7/7 levels left

rFire    . . .     SeeInvis .   x - +0 giant club
rCold    . . .     Gourm    +   (shield currently unavailable)
rNeg     . . .     Faith    +   b - +0 animal skin
rPois    .         Spirit   .   m - +1 hat
rElec    .         Reflect  .   (no cloak)
rCorr    .         Harm     .   (gloves unavailable)
MR       ++...                  (boots unavailable)
Stlth    +.........             s - amulet of faith
HPRegen  1.62/turn              k - +2 ring of strength
MPRegen  0.10/turn              (no ring)

@: berserk cooldown, regenerating, slowed, very slow
A: large, unfitting armour, claws 3, fast metabolism 3, gourmand, regeneration
1, shaggy fur 1, tough skin 3
a: Berserk, Trog's Hand, Brothers in Arms, Renounce Religion


You were on level 6 of the Dungeon.
You worshipped Trog.
Trog was extremely pleased with you.
You were very full.

You visited 1 branch of the dungeon, and saw 6 of its levels.

You collected 409 gold pieces.

Inventory:

Hand Weapons
 x - a +0 giant club (weapon)
 B - a +0 giant spiked club
Missiles
 e - 247 stones (quivered)
 w - a throwing net
Armour
 b - a +0 animal skin (worn)
 m - a +1 hat (worn)
Jewellery
 k - a +2 ring of strength (left claw)
 s - an amulet of faith (around neck)
Wands
 a - a wand of clouds (4)
 n - a wand of random effects (16)
 u - a wand of flame (22)
 y - a wand of disintegration (15)
Scrolls
 d - 2 scrolls of identify
 g - 5 scrolls of remove curse
 h - 2 scrolls of immolation {unknown}
 l - 3 scrolls of teleportation {unknown}
 o - a scroll of blinking {unknown}
 p - a scroll of noise {unknown}
 t - a scroll of fog {unknown}
 z - a scroll of amnesia {unknown}
Potions
 f - a potion of berserk rage {unknown}
 i - 3 potions of heal wounds {unknown}
 j - a potion of mutation {unknown}
 v - 2 potions of flight {unknown}
Comestibles
 c - 11 rations
 r - 13 chunks of flesh


   Skills:
 - Level 3.0 Fighting
 * Level 10.7 Maces & Flails
 - Level 2.5 Dodging


You had 7 spell levels left.
You didn't know any spells.
Your spell library was empty.

Dungeon Overview and Level Annotations

Branches:
Dungeon (6/15)
 Temple: D:4-7

Altars:
Dithmenos
Ru
Xom

Annotations:
D:6 Pikel


Innate Abilities, Weirdness & Mutations

You are too large for most types of armour.
You have claws for hands.
Your metabolism is lightning-fast.
You like to eat raw meat.
Your natural rate of healing is unusually fast.
You are covered in fur. (AC +1)
You have extremely tough skin. (AC +3)


Message History

You see here 13 stones.
e - 247 stones (gained 13)
A jackal skeleton comes into view.
Pikel the Slaver comes into view.
He is wielding a +0 whip of freezing, wearing a +2 robe of magic resistance and carrying a wand of random effects (21).
A slave comes into view. x2
The orc warrior hits you from afar with a +0 glaive!!
The slave shouts!
Pikel cracks his whip.
The orc warrior hits you from afar with a +0 glaive!!
The orc warrior hits you from afar with a +0 glaive!
Your skin crawls.
You feel resistant to hostile enchantments.
You feel somewhat less full.
The orc warrior hits you from afar with a +0 glaive!!
* * * LOW HITPOINT WARNING * * *
Things that are here:
a +0 shortbow; 20 arrows; a centaur skeleton Your two-headed ogre goes berserk!
The orc warrior hits you from afar with a +0 glaive!!
You die...

..#########.#
##.........## ..#
#.#####..........$# .
#.................#
#.####.............
########.# #............
.........# #......p.....
####..."####
##....K......
#.(##....#####..Z.......
#. ##.#(O÷@###.Z.......
#. ######..oo#........
#. ###...###..##. #
#..## ### #..# #.># #.##
..# ..#


You could see an orc warrior, an orc and a friendly two-headed ogre (berserk).

Vanquished Creatures
  The ghost of Yelwes the Cudgeler, an amateur DsGl (D:4)
  Edmund (D:4)
  An ice beast (D:5)
  2 necrophages
  2 ogres
  2 centaurs (D:6)
  2 bullfrogs (D:6)
  A wyvern skeleton (D:4)
  A crimson imp (D:6)
  A centaur zombie (D:5)
  3 gnoll shamans (D:5)
  2 orc wizards
  A centaur skeleton (D:5)
  4 worker ants
  A hound zombie (D:4)
  Robin (D:2)
  33 gnolls (D:5)
  7 adders
  A howler monkey skeleton (D:5)
  A shadow imp (D:6)
  An adder skeleton (D:4)
  An adder zombie (D:4)
  2 worms
  3 dart slugs
  5 leopard geckos
  6 orcs
  5 ball pythons
  A giant cockroach (D:1)
  16 goblins
  11 hobgoblins
  24 jackals
  2 quokkas
  8 bats
  10 frilled lizards
  9 kobolds
  7 rats
179 creatures vanquished.

Notes
Turn   | Place    | Note
-------+----------+-------------------------------------------
     0 | D:1      | Dantiko the Troll Berserker began the quest for the Orb.
     0 | D:1      | Reached XP level 1. HP: 22/22 MP: 0/0
   101 | D:1      | Reached skill level 3 in Maces & Flails
   101 | D:1      | Reached XP level 2. HP: 27/29 MP: 1/1
   317 | D:1      | Reached ** piety under Trog
   317 | D:1      | Reached XP level 3. HP: 37/37 MP: 2/2
   459 | D:2      | Found a faded altar of an unknown god.
   490 | D:2      | Found a sacrificial altar of Ru.
   567 | D:2      | Reached skill level 4 in Maces & Flails
   567 | D:2      | Reached XP level 4. HP: 25/45 MP: 3/3
   673 | D:2      | Noticed Robin
   707 | D:2      | Killed Robin
   749 | D:2      | Found a shadowy altar of Dithmenos.
   890 | D:2      | Reached *** piety under Trog
  1145 | D:3      | Reached XP level 5. HP: 53/53 MP: 4/4
  1341 | D:3      | Reached skill level 5 in Maces & Flails
  1972 | D:4      | Noticed Edmund
  1986 | D:4      | Killed Edmund
  1986 | D:4      | Reached skill level 6 in Maces & Flails
  1986 | D:4      | Reached XP level 6. HP: 61/61 MP: 5/5
  2008 | D:4      | Found a shadowy altar of Dithmenos.
  2054 | D:4      | You fall through a shaft!
  2054 | D:5      | Entered Level 5 of the Dungeon
  2121 | D:5      | Noticed an ice beast
  2151 | D:5      | Killed an ice beast
  2226 | D:5      | Reached skill level 7 in Maces & Flails
  2226 | D:5      | Reached XP level 7. HP: 15/67 MP: 6/6
  2379 | D:4      | Reached **** piety under Trog
  2674 | D:4      | Found a transporter.
  2689 | D:4      | Found a transporter.
  2690 | D:4      | Noticed Yelwes's ghost (amateur DsGl)
  2945 | D:4      | Reached skill level 8 in Maces & Flails
  2956 | D:4      | Killed Yelwes's ghost
  2956 | D:4      | Reached XP level 8. HP: 75/75 MP: 7/7
  3136 | D:5      | Reached skill level 9 in Maces & Flails
  3140 | D:5      | Found a shimmering altar of Xom.
  3658 | D:5      | Reached ***** piety under Trog
  3718 | D:5      | Reached skill level 10 in Maces & Flails
  3985 | D:6      | Noticed Pikel
  3994 | D:6      | Mangled by an orc warrior

Levels and vault maps discovered:
D:1:      dpeg_arrival_windows_large_door, layout_basic
D:2:      layout_loops_ring, overflow_temple_1_default, old_standard_altar,
          chequers_ecumenical_altar_simple_redux, kennysheep_decorative_pillar,
          uniq_robin
D:3:      layout_loops_ring, first_ration
D:4:      layout_basic, gammafunk_ghost_mausoleum,
          grunt_dithmenos_smoke_and_mirrors, uniq_edmund
D:5:      lemuel_castle_with_subvaults [lemuel_castle_interior_carwin_3],
          layout_loops_cross, lemuel_altar_in_water
D:6:      layout_cave_pods, kennysheep_mini, vehumet_statue, serial_shops, shop,
          uniq_pikel

Skill      XL: |  1  2  3  4  5  6  7  8 |
---------------+-------------------------+-----
Maces & Flails | 3 4 6 7 8 10 | 10.7
Fighting       | 3 |  3.0
Dodging        | |  2.5

Action                   |  1- 3 |  4- 6 |  7- 9 || total
-------------------------+-------+-------+-------++-------
Melee: Mace              |   120 |   220 |       ||   340
       Flail             |       |    52 |   180 ||   232
       Giant club        |       |       |    31 ||    31
Invok: Berserk           |       |     3 |     4 ||     7
       Trog's Hand       |       |       |     3 ||     3
       Brothers in Arms  |       |       |     1 ||     1
  Use: Scroll            |       |       |     2 ||     2
 Stab: Sleeping          |       |     2 |       ||     2
  Eat: Chunk             |    11 |    15 |    25 ||    51
Armor: Animal skin       |    62 |   139 |    77 ||   278
Dodge: Dodged            |   119 |   175 |    92 ||   386

Table legend:
 A = Non-vault XP
 B = Vault XP
 C = Vault XP percentage of total XP
 D = Non-vault monster count
 E = Vault monster count
 F = Vault count percentage of total count
                 A         B        C        D         E       F
            +---------+---------+-------+---------+---------+-------
      Total |    1425 |    1314 |  48.0 |     110 |      69 |  38.5
            +---------+---------+-------+---------+---------+-------
        D:1 |      45 |       0 |   0.0 |      25 |       0 |   0.0
        D:2 |     113 |      36 |  24.2 |      29 |      12 |  29.3
        D:3 |     100 |       0 |   0.0 |      29 |       0 |   0.0
        D:4 |     258 |     543 |  67.8 |       9 |       6 |  40.0
        D:5 |     425 |     735 |  63.4 |      11 |      51 |  82.3
        D:6 |     484 |       0 |   0.0 |       7 |       0 |   0.0
            +---------+---------+-------+---------+---------+-------
